[ PARTIDA AOE2 · #483589034 ]
UnrankedEspañoles vs Turks
[ ANÁLISIS DE REPETICIÓN · EXTRAÍDO DE LA PARTIDA GRABADA ]
Feudal
11:51
Castillos
16:18
Imperial
32:43
| APM promedio | 27.8 |
| APM pico | 77 |
| eAPM promedio | 10.6 |
| Aldeanos / militares | 44 / 50 |
Foco
⚔️ 31.1% · 🌾 68.9%
Conquistador ×42 · Mangonel ×2 · Missionary ×2 · Bombard Cannon ×2 · Trebuchet (Packed) ×2
Feudal
11:09
Castillos
15:20
Imperial
22:10
| APM promedio | 44.8 |
| APM pico | 108 |
| eAPM promedio | 20.6 |
| Aldeanos / militares | 172 / 102 |
Foco
⚔️ 24.2% · 🌾 75.8%
Hand Cannoneer ×89 · Janissary ×6 · Bombard Cannon ×6 · Mangonel ×1
Feudal
10:33
Castillos
14:03
Imperial
27:05
| APM promedio | 38.1 |
| APM pico | 66 |
| eAPM promedio | 20.6 |
| Aldeanos / militares | 132 / 375 |
Foco
⚔️ 36.3% · 🌾 63.7%
Scout Cavalry ×224 · Spearman ×77 · Militia ×47 · Scorpion ×13 · Battering Ram ×10 · Monk ×2
Feudal
10:40
Castillos
14:13
Imperial
26:00
| APM promedio | 46.7 |
| APM pico | 106 |
| eAPM promedio | 25.3 |
| Aldeanos / militares | 129 / 141 |
Foco
⚔️ 24.9% · 🌾 75.1%
Cataphract ×54 · Spearman ×51 · Skirmisher ×23 · Trebuchet (Packed) ×8 · Monk ×4 · Mangonel ×1
Feudal
10:32
Castillos
15:44
Imperial
37:55
| APM promedio | 45.4 |
| APM pico | 76 |
| eAPM promedio | 31.0 |
| Aldeanos / militares | 190 / 321 |
Foco
⚔️ 22.4% · 🌾 77.6%
Spearman ×182 · Knight ×88 · Hand Cannoneer ×35 · Flemish Militia ×10 · Coustillier ×6
Feudal
10:33
Castillos
15:44
Imperial
28:11
| APM promedio | 21.1 |
| APM pico | 50 |
| eAPM promedio | 11.8 |
| Aldeanos / militares | 80 / 185 |
Foco
⚔️ 48.4% · 🌾 51.6%
Spearman ×97 · Longbowman ×81 · Trebuchet (Packed) ×4 · Monk ×3
Feudal
11:10
Castillos
15:08
Imperial
28:53
| APM promedio | 22.6 |
| APM pico | 50 |
| eAPM promedio | 15.6 |
| Aldeanos / militares | 145 / 95 |
Foco
⚔️ 24.7% · 🌾 75.3%
Fire Lancer ×87 · Bombard Cannon ×4 · Trebuchet (Packed) ×2 · Monk ×1 · Scorpion ×1
Feudal
—
Castillos
—
Imperial
—
| APM promedio | 36.5 |
| APM pico | 82 |
| eAPM promedio | 18.8 |
| Aldeanos / militares | 171 / 167 |
Foco
⚔️ 32.1% · 🌾 67.9%
Knight ×88 · Scorpion ×37 · Battle Elephant ×21 · Monk ×9 · Trebuchet (Packed) ×7 · Battering Ram ×5
Mapa de la partida
Recursos iniciales + cada clic de construcción. Líneas = muros · curvas = relieve. ◆ oro · ⬟ piedra · ● bayas · ✦ reliquia · ◌ hueco del cierre
Tu base· ✓ Cerrada en 16:18 · 0t muro · 2 puerta(s)
Base de TomJerry· ✓ Cerrada en 15:20 · 0t muro · 3 puerta(s)
Base de KaiTakuSha· ✓ Cerrada en 14:03 · 0t muro · 2 puerta(s)
Base de 3122521604· ✓ Cerrada en 14:13 · 0t muro · 2 puerta(s)
Base de LA.ANNO.MCMXCIV.· ✓ Cerrada en 15:44 · 0t muro · 3 puerta(s)
Base de Money Lin· ✓ Cerrada en 15:44 · 0t muro · 3 puerta(s)
Base de 武瑧· ✓ Cerrada en 15:08 · 0t muro · 3 puerta(s)
Base de greiney· ✓ Cerrada en 10:33 · 0t muro · 2 puerta(s)
Terreno inicial suavizado · ◌ = hueco del cierre detectado · pasá el cursor para detalles
Inputs por minuto
— Kingssiu - - TomJerry
Build order — Kingssiu
Primeras 150 de 175 acciones detectadas
| 0:01 | Investigar | Loom |
| 0:02 | Crear | Villager (Male) |
| 0:02 | Crear | Villager (Male) |
| 0:02 | Crear | Villager (Male) |
| 0:03 | Crear | Villager (Male) |
| 0:08 | Construir | House |
| 0:15 | Construir | House |
| 1:35 | Crear | Villager (Male) |
| 2:16 | Construir | Lumber Camp |
| 2:20 | Crear | Villager (Male) |
| 2:36 | Crear | Villager (Male) |
| 3:07 | Crear | Villager (Male) |
| 3:37 | Crear | Villager (Male) |
| 3:58 | Crear | Villager (Male) |
| 4:19 | Construir | House |
| 4:22 | Construir | House |
| 4:23 | Construir | House |
| 4:38 | Crear | Villager (Male) |
| 4:44 | Crear | Villager (Male) |
| 5:31 | Crear | Villager (Male) |
| 5:32 | Crear | Villager (Male) |
| 5:32 | Crear | Villager (Male) |
| 5:32 | Crear | Villager (Male) |
| 6:00 | Crear | Villager (Male) |
| 6:05 | Construir | Mill |
| 6:47 | Crear | Villager (Male) |
| 7:03 | Crear | Villager (Male) |
| 7:36 | Crear | Villager (Male) |
| 7:39 | Crear | Villager (Male) |
| 7:56 | Crear | Villager (Male) |
| 8:08 | Crear | Villager (Male) |
| 8:37 | Construir | Mining Camp |
| 8:41 | Crear | Villager (Male) |
| 9:24 | Construir | Mining Camp |
| 9:30 | Investigar | Feudal Age |
| 9:57 | Construir | Barracks |
| 11:51 | Edad | Edad Feudal |
| 12:35 | Construir | Blacksmith |
| 12:40 | Construir | Stable |
| 12:48 | Crear | Villager (Male) |
| 12:54 | Crear | Villager (Male) |
| 13:37 | Investigar | Castle Age |
| 13:52 | Construir | Farm |
| 13:54 | Construir | Farm |
| 13:59 | Investigar | Double-Bit Axe |
| 14:04 | Construir | Farm |
| 14:46 | Construir | Farm |
| 14:47 | Construir | Farm |
| 16:18 | Edad | Edad de los Castillos |
| 16:21 | Construir | Castle |
| 16:30 | Crear | Villager (Male) |
| 16:31 | Crear | Villager (Male) |
| 16:36 | Construir | Farm |
| 16:37 | Construir | Farm |
| 16:38 | Construir | Farm |
| 16:39 | Crear | Villager (Male) |
| 17:06 | Construir | Siege Workshop |
| 17:16 | Crear | Conquistador |
| 17:17 | Crear | Conquistador |
| 17:26 | Crear | Mangonel |
| 17:35 | Construir | Mining Camp |
| 17:43 | Construir | Mining Camp |
| 17:51 | Crear | Conquistador |
| 18:11 | Crear | Villager (Male) |
| 18:28 | Crear | Villager (Male) |
| 19:24 | Crear | Conquistador |
| 19:25 | Crear | Conquistador |
| 20:05 | Crear | Mangonel |
| 20:10 | Crear | Conquistador |
| 20:13 | Crear | Villager (Male) |
| 20:18 | Crear | Villager (Male) |
| 20:55 | Construir | Monastery |
| 21:42 | Crear | Villager (Male) |
| 21:43 | Crear | Villager (Male) |
| 21:43 | Crear | Villager (Male) |
| 21:43 | Crear | Villager (Male) |
| 21:55 | Crear | Conquistador |
| 21:55 | Crear | Conquistador |
| 22:51 | Crear | Conquistador |
| 22:52 | Crear | Conquistador |
| 23:02 | Crear | Missionary |
| 23:41 | Construir | Castle |
| 24:40 | Construir | Mining Camp |
| 25:20 | Crear | Conquistador |
| 25:21 | Crear | Conquistador |
| 25:21 | Crear | Conquistador |
| 27:50 | Construir | Farm |
| 27:51 | Construir | Farm |
| 27:53 | Construir | Farm |
| 29:17 | Construir | Market |
| 29:30 | Construir | Market |
| 29:33 | Investigar | Imperial Age |
| 30:15 | Construir | Lumber Camp |
| 30:31 | Investigar | Bloodlines |
| 30:31 | Investigar | Husbandry |
| 30:42 | Construir | House |
| 30:43 | Construir | House |
| 30:44 | Construir | House |
| 30:57 | Crear | Missionary |
| 31:02 | Crear | Conquistador |
| 31:02 | Crear | Conquistador |
| 31:14 | Construir | Mining Camp |
| 31:21 | Construir | Farm |
| 31:22 | Construir | Farm |
| 32:06 | Construir | Castle |
| 32:18 | Investigar | Padded Archer Armor |
| 32:21 | Investigar | Bow Saw |
| 32:28 | Investigar | Gold Mining |
| 32:43 | Edad | Edad Imperial |
| 32:46 | Construir | Farm |
| 32:47 | Crear | Villager (Male) |
| 32:48 | Crear | Villager (Male) |
| 32:53 | Construir | Farm |
| 32:58 | Crear | Trebuchet (Packed) |
| 33:16 | Construir | House |
| 33:17 | Construir | House |
| 33:18 | Construir | House |
| 33:25 | Construir | House |
| 34:19 | Crear | Conquistador |
| 34:19 | Crear | Conquistador |
| 34:24 | Investigar | Leather Archer Armor |
| 34:25 | Investigar | Fletching |
| 34:39 | Crear | Trebuchet (Packed) |
| 34:43 | Crear | Conquistador |
| 34:43 | Crear | Conquistador |
| 35:08 | Construir | Castle |
| 35:32 | Crear | Conquistador |
| 35:32 | Crear | Conquistador |
| 36:20 | Crear | Conquistador |
| 36:21 | Crear | Conquistador |
| 36:21 | Crear | Conquistador |
| 36:22 | Crear | Conquistador |
| 36:22 | Crear | Conquistador |
| 37:30 | Crear | Conquistador |
| 37:30 | Crear | Conquistador |
| 37:31 | Crear | Conquistador |
| 37:31 | Crear | Conquistador |
| 37:47 | Crear | Conquistador |
| 37:47 | Crear | Conquistador |
| 37:48 | Crear | Conquistador |
| 38:02 | Crear | Conquistador |
| 38:20 | Construir | Town Center |
| 38:30 | Investigar | Ring Archer Armor |
| 38:47 | Investigar | Conscription |
| 38:49 | Crear | Conquistador |
| 38:49 | Crear | Conquistador |
| 38:50 | Crear | Conquistador |
| 38:51 | Crear | Conquistador |
| 40:02 | Crear | Conquistador |
| 40:02 | Crear | Conquistador |
Build order — TomJerry
Primeras 150 de 372 acciones detectadas
| 0:06 | Construir | House |
| 0:08 | Construir | House |
| 0:08 | Crear | Villager (Male) |
| 0:09 | Crear | Villager (Male) |
| 0:18 | Crear | Villager (Male) |
| 0:18 | Crear | Villager (Male) |
| 0:19 | Crear | Villager (Male) |
| 1:37 | Crear | Villager (Male) |
| 1:38 | Crear | Villager (Male) |
| 1:42 | Construir | Lumber Camp |
| 2:01 | Crear | Villager (Male) |
| 2:33 | Construir | House |
| 2:40 | Crear | Villager (Male) |
| 2:41 | Crear | Villager (Male) |
| 2:43 | Construir | House |
| 3:03 | Crear | Villager (Male) |
| 3:04 | Crear | Villager (Male) |
| 3:04 | Crear | Villager (Male) |
| 3:44 | Crear | Villager (Male) |
| 3:44 | Crear | Villager (Male) |
| 4:11 | Crear | Villager (Male) |
| 4:12 | Crear | Villager (Male) |
| 4:33 | Crear | Villager (Male) |
| 4:34 | Crear | Villager (Male) |
| 4:42 | Construir | Mill |
| 5:14 | Crear | Villager (Male) |
| 5:14 | Crear | Villager (Male) |
| 5:15 | Crear | Villager (Male) |
| 5:15 | Crear | Villager (Male) |
| 5:53 | Construir | Farm |
| 5:59 | Crear | Villager (Male) |
| 5:59 | Crear | Villager (Male) |
| 6:07 | Construir | Farm |
| 6:35 | Crear | Villager (Male) |
| 6:36 | Crear | Villager (Male) |
| 6:36 | Crear | Villager (Male) |
| 6:36 | Crear | Villager (Male) |
| 6:37 | Crear | Villager (Male) |
| 6:37 | Crear | Villager (Male) |
| 7:01 | Crear | Villager (Male) |
| 7:01 | Crear | Villager (Male) |
| 7:02 | Crear | Villager (Male) |
| 7:09 | Construir | Farm |
| 7:35 | Construir | Farm |
| 7:45 | Construir | House |
| 8:23 | Construir | Mining Camp |
| 8:42 | Investigar | Feudal Age |
| 8:56 | Construir | Farm |
| 9:25 | Construir | Farm |
| 11:09 | Edad | Edad Feudal |
| 11:14 | Construir | Market |
| 11:19 | Construir | Blacksmith |
| 11:21 | Crear | Villager (Male) |
| 11:24 | Crear | Villager (Male) |
| 11:25 | Crear | Villager (Male) |
| 11:47 | Construir | Farm |
| 12:16 | Crear | Villager (Male) |
| 12:31 | Investigar | Castle Age |
| 12:31 | Investigar | Castle Age |
| 12:40 | Investigar | Castle Age |
| 12:40 | Investigar | Castle Age |
| 12:40 | Investigar | Castle Age |
| 13:47 | Investigar | Double-Bit Axe |
| 13:47 | Investigar | Double-Bit Axe |
| 13:50 | Investigar | Horse Collar |
| 13:50 | Investigar | Horse Collar |
| 13:52 | Investigar | Gold Mining |
| 13:52 | Investigar | Gold Mining |
| 14:00 | Construir | House |
| 14:19 | Construir | Lumber Camp |
| 15:20 | Edad | Edad de los Castillos |
| 15:22 | Construir | Siege Workshop |
| 15:32 | Crear | Villager (Male) |
| 15:32 | Crear | Villager (Male) |
| 15:37 | Crear | Villager (Male) |
| 16:01 | Construir | Monastery |
| 16:43 | Construir | Farm |
| 17:07 | Construir | Farm |
| 17:20 | Construir | Stone Wall |
| 17:31 | Construir | Stone Wall |
| 17:39 | Construir | Stone Wall |
| 17:52 | Crear | Mangonel |
| 18:50 | Construir | Farm |
| 18:50 | Construir | Farm |
| 19:00 | Investigar | Imperial Age |
| 19:00 | Investigar | Imperial Age |
| 19:15 | Construir | Lumber Camp |
| 19:37 | Construir | Palisade Wall |
| 20:04 | Construir | Barracks |
| 20:12 | Construir | Stone Wall |
| 20:17 | Construir | Stone Wall |
| 21:05 | Construir | Farm |
| 22:10 | Edad | Edad Imperial |
| 22:19 | Crear | Bombard Cannon |
| 22:19 | Crear | Bombard Cannon |
| 22:57 | Investigar | Bow Saw |
| 22:59 | Investigar | Heavy Plow |
| 22:59 | Investigar | Heavy Plow |
| 23:12 | Construir | House |
| 23:14 | Construir | House |
| 24:18 | Crear | Villager (Male) |
| 24:18 | Crear | Villager (Male) |
| 24:23 | Construir | Farm |
| 24:34 | Crear | Bombard Cannon |
| 24:45 | Construir | Farm |
| 24:45 | Construir | Farm |
| 24:46 | Construir | Farm |
| 24:46 | Construir | Farm |
| 24:46 | Construir | Farm |
| 24:49 | Crear | Villager (Male) |
| 24:49 | Crear | Villager (Male) |
| 25:06 | Construir | Lumber Camp |
| 25:17 | Crear | Villager (Male) |
| 25:46 | Investigar | Loom |
| 25:46 | Investigar | Loom |
| 26:14 | Construir | Mining Camp |
| 26:36 | Crear | Villager (Male) |
| 26:40 | Crear | Villager (Male) |
| 26:41 | Crear | Villager (Male) |
| 26:41 | Crear | Villager (Male) |
| 27:00 | Crear | Villager (Male) |
| 27:00 | Crear | Villager (Male) |
| 27:37 | Crear | Villager (Male) |
| 27:46 | Construir | Farm |
| 27:46 | Construir | Farm |
| 27:46 | Construir | Farm |
| 27:47 | Construir | Farm |
| 27:49 | Crear | Villager (Male) |
| 27:49 | Crear | Villager (Male) |
| 28:48 | Construir | Town Center |
| 28:51 | Crear | Villager (Male) |
| 28:51 | Crear | Villager (Male) |
| 29:19 | Crear | Villager (Male) |
| 29:20 | Crear | Villager (Male) |
| 29:29 | Construir | House |
| 29:29 | Construir | House |
| 29:30 | Construir | House |
| 29:31 | Construir | House |
| 29:31 | Construir | House |
| 29:34 | Construir | House |
| 29:35 | Construir | House |
| 29:36 | Construir | House |
| 29:37 | Crear | Villager (Male) |
| 29:37 | Crear | Villager (Male) |
| 30:02 | Crear | Villager (Male) |
| 30:11 | Construir | Farm |
| 30:34 | Construir | Archery Range |
| 30:39 | Crear | Villager (Male) |
| 30:41 | Investigar | Wheelbarrow |
| 30:41 | Investigar | Wheelbarrow |
Build order — KaiTakuSha
Primeras 150 de 515 acciones detectadas
| 0:00 | Crear | Villager (Male) |
| 0:01 | Crear | Villager (Male) |
| 0:01 | Crear | Villager (Male) |
| 0:02 | Construir | House |
| 0:04 | Construir | House |
| 0:04 | Crear | Villager (Male) |
| 1:35 | Crear | Villager (Male) |
| 1:51 | Construir | Lumber Camp |
| 2:01 | Crear | Villager (Male) |
| 2:02 | Crear | Villager (Male) |
| 2:02 | Crear | Villager (Male) |
| 2:28 | Crear | Villager (Male) |
| 3:13 | Crear | Villager (Male) |
| 3:18 | Crear | Villager (Male) |
| 3:32 | Construir | House |
| 3:33 | Construir | House |
| 3:34 | Construir | House |
| 4:13 | Crear | Villager (Male) |
| 4:14 | Crear | Villager (Male) |
| 4:14 | Crear | Villager (Male) |
| 4:56 | Crear | Villager (Male) |
| 4:56 | Crear | Villager (Male) |
| 5:10 | Construir | Mill |
| 5:14 | Crear | Villager (Male) |
| 5:42 | Crear | Villager (Male) |
| 5:43 | Crear | Villager (Male) |
| 6:07 | Construir | Farm |
| 6:08 | Construir | Farm |
| 6:26 | Crear | Villager (Male) |
| 6:26 | Crear | Villager (Male) |
| 6:45 | Crear | Villager (Male) |
| 7:19 | Construir | Farm |
| 7:24 | Construir | Farm |
| 8:14 | Construir | Mining Camp |
| 8:19 | Investigar | Feudal Age |
| 8:23 | Crear | Villager (Male) |
| 8:23 | Crear | Villager (Male) |
| 10:33 | Edad | Edad Feudal |
| 10:36 | Construir | Market |
| 10:39 | Construir | Blacksmith |
| 10:44 | Construir | House |
| 10:47 | Construir | House |
| 11:23 | Investigar | Castle Age |
| 11:24 | Investigar | Castle Age |
| 12:13 | Crear | Villager (Male) |
| 12:13 | Crear | Villager (Male) |
| 12:16 | Investigar | Double-Bit Axe |
| 12:21 | Investigar | Horse Collar |
| 12:28 | Crear | Villager (Male) |
| 12:32 | Crear | Villager (Male) |
| 12:43 | Construir | Farm |
| 12:47 | Construir | Farm |
| 14:03 | Edad | Edad de los Castillos |
| 14:05 | Construir | Town Center |
| 14:14 | Construir | Town Center |
| 14:25 | Crear | Villager (Male) |
| 14:38 | Construir | Lumber Camp |
| 14:46 | Crear | Villager (Male) |
| 15:16 | Investigar | Bow Saw |
| 15:42 | Crear | Villager (Male) |
| 15:44 | Crear | Villager (Male) |
| 15:45 | Crear | Villager (Male) |
| 15:46 | Crear | Villager (Male) |
| 15:54 | Construir | House |
| 15:55 | Construir | House |
| 15:56 | Crear | Villager (Male) |
| 15:57 | Crear | Villager (Male) |
| 16:06 | Construir | Farm |
| 16:08 | Crear | Villager (Male) |
| 16:13 | Construir | Farm |
| 16:15 | Crear | Villager (Male) |
| 16:33 | Crear | Villager (Male) |
| 16:36 | Construir | Farm |
| 16:45 | Crear | Villager (Male) |
| 16:48 | Construir | Farm |
| 16:51 | Construir | Farm |
| 16:53 | Crear | Villager (Male) |
| 16:57 | Construir | Farm |
| 16:58 | Construir | Farm |
| 17:01 | Construir | Farm |
| 17:06 | Construir | Farm |
| 17:07 | Crear | Villager (Male) |
| 17:10 | Construir | Farm |
| 17:15 | Construir | House |
| 17:16 | Construir | House |
| 17:23 | Construir | Farm |
| 17:24 | Crear | Villager (Male) |
| 17:26 | Construir | Farm |
| 17:30 | Construir | Farm |
| 17:34 | Construir | Farm |
| 17:35 | Crear | Villager (Male) |
| 17:37 | Construir | Farm |
| 17:45 | Construir | Farm |
| 17:46 | Crear | Villager (Male) |
| 17:51 | Construir | House |
| 17:54 | Crear | Villager (Male) |
| 17:54 | Crear | Villager (Male) |
| 17:58 | Construir | Farm |
| 18:03 | Construir | Farm |
| 18:05 | Crear | Villager (Male) |
| 18:07 | Construir | Farm |
| 18:09 | Crear | Villager (Male) |
| 18:18 | Crear | Villager (Male) |
| 18:23 | Crear | Villager (Male) |
| 18:29 | Construir | Mining Camp |
| 18:34 | Crear | Villager (Male) |
| 18:37 | Construir | Farm |
| 18:39 | Crear | Villager (Male) |
| 18:42 | Construir | Farm |
| 18:45 | Construir | Farm |
| 18:49 | Construir | Farm |
| 18:50 | Crear | Villager (Male) |
| 18:51 | Crear | Villager (Male) |
| 18:53 | Construir | House |
| 18:54 | Construir | House |
| 19:04 | Crear | Villager (Male) |
| 19:04 | Crear | Villager (Male) |
| 19:05 | Crear | Villager (Male) |
| 19:27 | Construir | Monastery |
| 19:28 | Crear | Villager (Male) |
| 19:29 | Crear | Villager (Male) |
| 19:29 | Crear | Villager (Male) |
| 19:43 | Crear | Villager (Male) |
| 19:51 | Crear | Villager (Male) |
| 19:53 | Construir | House |
| 19:54 | Construir | House |
| 20:04 | Construir | University |
| 20:06 | Crear | Villager (Male) |
| 20:07 | Crear | Villager (Male) |
| 20:12 | Construir | Farm |
| 20:15 | Construir | Farm |
| 20:21 | Construir | Farm |
| 20:22 | Crear | Villager (Male) |
| 20:22 | Crear | Villager (Male) |
| 20:33 | Construir | Mining Camp |
| 20:34 | Crear | Villager (Male) |
| 20:41 | Crear | Monk |
| 20:46 | Crear | Villager (Male) |
| 20:46 | Crear | Villager (Male) |
| 20:52 | Construir | House |
| 20:53 | Construir | House |
| 20:55 | Crear | Villager (Male) |
| 21:06 | Construir | Mill |
| 21:07 | Construir | Farm |
| 21:08 | Construir | Farm |
| 21:10 | Crear | Villager (Male) |
| 21:13 | Construir | Farm |
| 21:14 | Crear | Villager (Male) |
| 21:24 | Construir | Farm |
| 21:24 | Crear | Villager (Male) |
Build order — 3122521604
Primeras 150 de 380 acciones detectadas
| 0:04 | Construir | House |
| 0:05 | Crear | Villager (Male) |
| 0:05 | Crear | Villager (Male) |
| 0:05 | Crear | Villager (Male) |
| 0:06 | Crear | Villager (Male) |
| 0:07 | Construir | House |
| 1:36 | Crear | Villager (Male) |
| 2:03 | Crear | Villager (Male) |
| 2:26 | Crear | Villager (Male) |
| 2:30 | Construir | Lumber Camp |
| 2:52 | Crear | Villager (Male) |
| 2:52 | Crear | Villager (Male) |
| 3:04 | Crear | Villager (Male) |
| 3:30 | Construir | House |
| 3:32 | Construir | House |
| 3:52 | Crear | Villager (Male) |
| 3:52 | Crear | Villager (Male) |
| 3:52 | Crear | Villager (Male) |
| 4:45 | Crear | Villager (Male) |
| 4:46 | Crear | Villager (Male) |
| 4:51 | Construir | Mill |
| 5:20 | Crear | Villager (Male) |
| 5:31 | Crear | Villager (Male) |
| 5:50 | Crear | Villager (Male) |
| 6:28 | Crear | Villager (Male) |
| 6:30 | Crear | Villager (Male) |
| 6:30 | Crear | Villager (Male) |
| 6:56 | Crear | Villager (Male) |
| 7:21 | Construir | Mining Camp |
| 8:24 | Investigar | Feudal Age |
| 8:32 | Construir | House |
| 9:39 | Crear | Villager (Male) |
| 9:39 | Crear | Villager (Male) |
| 10:40 | Edad | Edad Feudal |
| 10:46 | Construir | Market |
| 10:57 | Construir | Blacksmith |
| 11:33 | Investigar | Castle Age |
| 11:33 | Investigar | Castle Age |
| 11:50 | Investigar | Double-Bit Axe |
| 11:50 | Investigar | Double-Bit Axe |
| 12:25 | Construir | Mining Camp |
| 12:38 | Investigar | Horse Collar |
| 12:52 | Construir | House |
| 12:57 | Construir | Farm |
| 13:01 | Construir | Farm |
| 13:04 | Construir | Farm |
| 13:11 | Construir | House |
| 13:17 | Crear | Villager (Male) |
| 13:30 | Investigar | Loom |
| 14:13 | Edad | Edad de los Castillos |
| 14:17 | Construir | Siege Workshop |
| 14:29 | Construir | Farm |
| 14:35 | Construir | Farm |
| 14:37 | Crear | Villager (Male) |
| 14:55 | Crear | Villager (Male) |
| 14:58 | Construir | Farm |
| 15:02 | Investigar | Heavy Plow |
| 15:18 | Construir | University |
| 15:29 | Crear | Villager (Male) |
| 15:29 | Crear | Villager (Male) |
| 15:59 | Construir | Farm |
| 16:08 | Crear | Villager (Male) |
| 16:26 | Construir | Farm |
| 16:31 | Crear | Villager (Male) |
| 16:31 | Crear | Villager (Male) |
| 16:36 | Construir | Farm |
| 16:53 | Crear | Villager (Male) |
| 17:00 | Construir | House |
| 17:03 | Construir | House |
| 17:04 | Construir | House |
| 17:09 | Construir | Town Center |
| 17:22 | Crear | Villager (Male) |
| 17:32 | Crear | Villager (Male) |
| 17:54 | Crear | Villager (Male) |
| 17:58 | Construir | Farm |
| 18:01 | Construir | Farm |
| 18:07 | Crear | Villager (Male) |
| 18:22 | Crear | Mangonel |
| 18:23 | Crear | Villager (Male) |
| 18:27 | Construir | Farm |
| 18:29 | Construir | Farm |
| 18:31 | Crear | Villager (Male) |
| 18:36 | Construir | Farm |
| 18:40 | Construir | Farm |
| 18:47 | Construir | Farm |
| 18:49 | Crear | Villager (Male) |
| 18:49 | Crear | Villager (Male) |
| 18:57 | Construir | Farm |
| 19:06 | Construir | House |
| 19:09 | Construir | Barracks |
| 19:12 | Crear | Villager (Male) |
| 19:23 | Crear | Villager (Male) |
| 19:23 | Crear | Villager (Male) |
| 19:28 | Crear | Villager (Male) |
| 19:36 | Crear | Villager (Male) |
| 19:48 | Construir | Farm |
| 19:51 | Construir | Farm |
| 19:55 | Construir | Farm |
| 20:01 | Construir | Farm |
| 20:03 | Crear | Villager (Male) |
| 20:03 | Crear | Villager (Male) |
| 20:03 | Crear | Villager (Male) |
| 20:04 | Crear | Villager (Male) |
| 20:25 | Crear | Villager (Male) |
| 20:29 | Construir | Archery Range |
| 20:34 | Crear | Villager (Male) |
| 20:38 | Construir | Farm |
| 20:39 | Crear | Villager (Male) |
| 20:43 | Crear | Villager (Male) |
| 20:48 | Construir | Farm |
| 21:30 | Crear | Villager (Male) |
| 21:40 | Construir | Farm |
| 21:46 | Construir | Farm |
| 22:05 | Crear | Villager (Male) |
| 22:06 | Crear | Villager (Male) |
| 22:30 | Construir | Castle |
| 22:43 | Crear | Villager (Male) |
| 22:50 | Investigar | Imperial Age |
| 23:07 | Crear | Villager (Male) |
| 23:08 | Crear | Villager (Male) |
| 23:31 | Crear | Villager (Male) |
| 23:40 | Crear | Cataphract |
| 23:48 | Crear | Villager (Male) |
| 23:48 | Crear | Villager (Male) |
| 23:49 | Crear | Villager (Male) |
| 24:02 | Investigar | Fletching |
| 24:11 | Crear | Villager (Male) |
| 24:12 | Crear | Villager (Male) |
| 24:12 | Crear | Villager (Male) |
| 24:30 | Crear | Villager (Male) |
| 24:31 | Crear | Villager (Male) |
| 24:42 | Crear | Villager (Male) |
| 24:55 | Construir | Gate |
| 25:01 | Construir | Gate |
| 25:05 | Investigar | Pikeman (upgrade) |
| 25:05 | Investigar | Squires |
| 25:15 | Construir | Barracks |
| 25:22 | Crear | Villager (Male) |
| 25:22 | Crear | Villager (Male) |
| 25:40 | Construir | Gate |
| 25:44 | Crear | Villager (Male) |
| 25:54 | Construir | Farm |
| 25:59 | Construir | Farm |
| 26:00 | Edad | Edad Imperial |
| 26:01 | Crear | Villager (Male) |
| 26:03 | Crear | Trebuchet (Packed) |
| 26:23 | Investigar | Elite Skirmisher (upgrade) |
| 26:24 | Crear | Skirmisher ×5 |
| 26:28 | Investigar | Bodkin Arrow |
| 26:31 | Investigar | Padded Archer Armor |
Build order — LA.ANNO.MCMXCIV.
Primeras 150 de 569 acciones detectadas
| 0:02 | Crear | Villager (Male) |
| 0:02 | Crear | Villager (Male) |
| 0:03 | Construir | House |
| 0:05 | Construir | House |
| 0:09 | Crear | Villager (Male) |
| 0:09 | Crear | Villager (Male) |
| 1:26 | Crear | Villager (Male) |
| 1:27 | Crear | Villager (Male) |
| 2:01 | Crear | Villager (Male) |
| 2:11 | Construir | Lumber Camp |
| 2:18 | Crear | Villager (Male) |
| 2:42 | Crear | Villager (Male) |
| 3:07 | Crear | Villager (Male) |
| 3:28 | Construir | House |
| 3:34 | Construir | House |
| 3:39 | Crear | Villager (Male) |
| 4:00 | Construir | Mill |
| 4:02 | Crear | Villager (Male) |
| 4:19 | Crear | Villager (Male) |
| 4:20 | Crear | Villager (Male) |
| 4:55 | Crear | Villager (Male) |
| 4:55 | Crear | Villager (Male) |
| 5:21 | Crear | Villager (Male) |
| 5:21 | Crear | Villager (Male) |
| 5:22 | Crear | Villager (Male) |
| 5:54 | Crear | Villager (Male) |
| 6:17 | Crear | Villager (Male) |
| 6:47 | Crear | Villager (Male) |
| 6:47 | Crear | Villager (Male) |
| 6:53 | Crear | Villager (Male) |
| 7:38 | Construir | Mining Camp |
| 7:54 | Crear | Villager (Male) |
| 8:20 | Investigar | Feudal Age |
| 8:20 | Investigar | Feudal Age |
| 8:38 | Construir | Farm |
| 8:41 | Construir | Farm |
| 9:10 | Crear | Villager (Male) |
| 9:16 | Construir | House |
| 9:17 | Construir | House |
| 9:47 | Crear | Villager (Male) |
| 9:55 | Construir | Mill |
| 10:15 | Construir | Farm |
| 10:26 | Crear | Villager (Male) |
| 10:29 | Crear | Villager (Male) |
| 10:32 | Edad | Edad Feudal |
| 10:48 | Crear | Villager (Male) |
| 11:04 | Construir | Market |
| 11:08 | Crear | Villager (Male) |
| 11:11 | Crear | Villager (Male) |
| 11:26 | Crear | Villager (Male) |
| 12:10 | Construir | Farm |
| 12:20 | Construir | Blacksmith |
| 12:24 | Crear | Villager (Male) |
| 12:35 | Construir | Farm |
| 12:35 | Construir | Farm |
| 12:36 | Construir | Farm |
| 12:36 | Construir | Farm |
| 12:36 | Construir | Farm |
| 12:36 | Construir | Farm |
| 12:37 | Construir | Farm |
| 12:37 | Construir | Farm |
| 12:37 | Construir | Farm |
| 12:37 | Construir | Farm |
| 12:38 | Construir | Farm |
| 12:52 | Construir | Farm |
| 12:52 | Construir | Farm |
| 12:52 | Construir | Farm |
| 12:52 | Construir | Farm |
| 12:52 | Construir | Farm |
| 13:04 | Investigar | Castle Age |
| 13:04 | Investigar | Castle Age |
| 13:09 | Investigar | Double-Bit Axe |
| 13:09 | Investigar | Double-Bit Axe |
| 13:16 | Investigar | Horse Collar |
| 13:55 | Investigar | Gold Mining |
| 14:07 | Construir | Farm |
| 14:09 | Construir | Farm |
| 14:10 | Construir | Farm |
| 14:10 | Construir | Farm |
| 14:11 | Construir | Farm |
| 14:11 | Construir | Farm |
| 14:28 | Investigar | Wheelbarrow |
| 14:33 | Investigar | Heavy Plow |
| 14:33 | Investigar | Heavy Plow |
| 14:52 | Construir | Farm |
| 14:56 | Construir | Farm |
| 15:05 | Investigar | Bow Saw |
| 15:33 | Investigar | Stone Mining |
| 15:38 | Investigar | Wheelbarrow |
| 15:44 | Edad | Edad de los Castillos |
| 16:00 | Crear | Villager (Male) |
| 16:00 | Crear | Villager (Male) |
| 16:00 | Crear | Villager (Male) |
| 16:53 | Investigar | Two-Man Saw |
| 16:56 | Crear | Villager (Male) |
| 17:08 | Crear | Villager (Male) |
| 17:16 | Construir | Town Center |
| 17:46 | Construir | Barracks |
| 17:47 | Construir | House |
| 17:49 | Construir | House |
| 17:53 | Crear | Villager (Male) |
| 17:59 | Investigar | Town Watch |
| 18:06 | Investigar | Crop Rotation |
| 18:20 | Construir | House |
| 18:24 | Construir | House |
| 18:32 | Crear | Villager (Male) |
| 18:41 | Crear | Villager (Male) |
| 18:43 | Construir | Farm |
| 18:43 | Construir | Farm |
| 18:48 | Crear | Villager (Male) |
| 18:51 | Construir | Farm |
| 18:51 | Construir | Farm |
| 18:51 | Construir | Farm |
| 18:54 | Crear | Villager (Male) |
| 18:54 | Crear | Villager (Male) |
| 18:55 | Crear | Villager (Male) |
| 18:59 | Construir | Farm |
| 19:03 | Crear | Villager (Male) |
| 19:21 | Crear | Villager (Male) |
| 19:21 | Crear | Villager (Male) |
| 19:24 | Construir | Lumber Camp |
| 19:31 | Construir | Farm |
| 19:41 | Crear | Villager (Male) |
| 19:42 | Crear | Villager (Male) |
| 20:01 | Crear | Villager (Male) |
| 20:14 | Construir | Stable |
| 20:16 | Construir | House |
| 20:18 | Construir | House |
| 20:20 | Crear | Villager (Male) |
| 20:22 | Crear | Villager (Male) |
| 20:29 | Investigar | Loom |
| 20:29 | Crear | Villager (Male) |
| 20:30 | Crear | Villager (Male) |
| 20:42 | Investigar | Forging |
| 20:51 | Construir | House |
| 20:53 | Crear | Villager (Male) |
| 20:55 | Crear | Villager (Male) |
| 21:01 | Construir | Town Center |
| 21:08 | Construir | Town Center |
| 21:10 | Crear | Villager (Male) |
| 21:11 | Crear | Villager (Male) |
| 21:18 | Crear | Villager (Male) |
| 21:22 | Crear | Villager (Male) |
| 21:45 | Investigar | Cavalier (upgrade) |
| 21:47 | Crear | Villager (Male) |
| 21:48 | Crear | Villager (Male) |
| 21:54 | Crear | Villager (Male) |
| 22:11 | Construir | House |
| 22:11 | Construir | House |
| 22:12 | Construir | House |
Build order — Money Lin
Primeras 150 de 356 acciones detectadas
| 0:03 | Construir | House |
| 0:04 | Crear | Villager (Male) |
| 0:04 | Crear | Villager (Male) |
| 0:07 | Construir | House |
| 0:08 | Crear | Villager (Male) |
| 0:08 | Crear | Villager (Male) |
| 0:40 | Construir | House |
| 1:11 | Construir | House |
| 1:27 | Crear | Villager (Male) |
| 2:05 | Crear | Villager (Male) |
| 2:05 | Crear | Villager (Male) |
| 2:58 | Crear | Villager (Male) |
| 3:04 | Crear | Villager (Male) |
| 3:07 | Crear | Villager (Male) |
| 3:37 | Crear | Villager (Male) |
| 3:37 | Crear | Villager (Male) |
| 4:04 | Crear | Villager (Male) |
| 4:04 | Crear | Villager (Male) |
| 4:47 | Crear | Villager (Male) |
| 4:47 | Crear | Villager (Male) |
| 4:59 | Crear | Villager (Male) |
| 5:35 | Crear | Villager (Male) |
| 5:51 | Crear | Villager (Male) |
| 5:51 | Crear | Villager (Male) |
| 5:52 | Crear | Villager (Male) |
| 6:01 | Crear | Villager (Male) |
| 6:30 | Construir | Mill |
| 6:51 | Construir | Lumber Camp |
| 7:49 | Investigar | Feudal Age |
| 8:45 | Construir | House |
| 10:33 | Edad | Edad Feudal |
| 10:37 | Crear | Villager (Male) |
| 10:45 | Construir | Market |
| 10:56 | Construir | Blacksmith |
| 11:12 | Crear | Villager (Male) |
| 11:13 | Crear | Villager (Male) |
| 11:21 | Construir | Mining Camp |
| 11:58 | Crear | Villager (Male) |
| 12:21 | Construir | Farm |
| 12:35 | Construir | Farm |
| 12:38 | Construir | Farm |
| 12:46 | Construir | House |
| 12:50 | Construir | Farm |
| 12:55 | Construir | Farm |
| 12:58 | Construir | Farm |
| 13:02 | Construir | Farm |
| 13:04 | Investigar | Castle Age |
| 13:30 | Construir | Mining Camp |
| 13:41 | Crear | Villager (Male) |
| 14:11 | Crear | Villager (Male) |
| 14:33 | Construir | Farm |
| 14:35 | Construir | Farm |
| 14:36 | Construir | Farm |
| 15:44 | Edad | Edad de los Castillos |
| 15:46 | Construir | Monastery |
| 15:50 | Crear | Villager (Male) |
| 16:23 | Crear | Monk |
| 16:28 | Crear | Villager (Male) |
| 16:49 | Crear | Monk |
| 17:13 | Construir | Town Center |
| 17:34 | Construir | House |
| 17:35 | Construir | House |
| 17:39 | Crear | Villager (Male) |
| 17:49 | Crear | Villager (Male) |
| 18:19 | Crear | Villager (Male) |
| 18:20 | Crear | Villager (Male) |
| 18:20 | Crear | Villager (Male) |
| 18:21 | Crear | Villager (Male) |
| 18:36 | Construir | House |
| 18:37 | Construir | House |
| 19:21 | Crear | Monk |
| 19:27 | Crear | Villager (Male) |
| 19:27 | Crear | Villager (Male) |
| 19:45 | Construir | House |
| 19:46 | Construir | House |
| 19:57 | Construir | Castle |
| 20:02 | Crear | Villager (Male) |
| 20:03 | Crear | Villager (Male) |
| 20:05 | Crear | Villager (Male) |
| 20:06 | Crear | Villager (Male) |
| 20:12 | Crear | Villager (Male) |
| 20:15 | Crear | Villager (Male) |
| 20:43 | Construir | House |
| 20:44 | Construir | House |
| 20:47 | Crear | Villager (Male) |
| 20:48 | Crear | Villager (Male) |
| 20:54 | Crear | Villager (Male) |
| 20:56 | Crear | Villager (Male) |
| 21:45 | Construir | Barracks |
| 21:56 | Crear | Villager (Male) |
| 21:58 | Crear | Villager (Male) |
| 22:09 | Construir | Farm |
| 22:09 | Construir | Farm |
| 22:11 | Construir | Farm |
| 22:14 | Investigar | Horse Collar |
| 22:15 | Crear | Villager (Male) |
| 22:16 | Crear | Villager (Male) |
| 22:52 | Construir | Barracks |
| 22:58 | Construir | Farm |
| 23:00 | Crear | Villager (Male) |
| 23:02 | Crear | Villager (Male) |
| 23:07 | Construir | Farm |
| 23:09 | Construir | Farm |
| 23:14 | Construir | Farm |
| 23:23 | Construir | Farm |
| 23:37 | Construir | Farm |
| 23:45 | Construir | Farm |
| 24:07 | Construir | Castle |
| 25:01 | Investigar | Imperial Age |
| 25:12 | Crear | Villager (Male) |
| 25:39 | Investigar | Pikeman (upgrade) |
| 25:54 | Crear | Villager (Male) |
| 25:57 | Crear | Villager (Male) |
| 26:05 | Crear | Villager (Male) |
| 26:09 | Construir | Farm |
| 26:15 | Construir | Farm |
| 26:24 | Construir | Farm |
| 26:32 | Investigar | Fletching |
| 26:41 | Investigar | Padded Archer Armor |
| 27:07 | Construir | University |
| 27:18 | Investigar | Bodkin Arrow |
| 27:34 | Construir | Castle |
| 27:52 | Construir | Barracks |
| 28:11 | Edad | Edad Imperial |
| 28:15 | Investigar | Ballistics |
| 28:24 | Investigar | Bracer |
| 28:25 | Investigar | Forging |
| 28:41 | Crear | Villager (Male) |
| 28:42 | Crear | Villager (Male) |
| 28:44 | Crear | Villager (Male) |
| 29:01 | Crear | Longbowman |
| 29:02 | Crear | Longbowman |
| 29:02 | Crear | Longbowman |
| 29:03 | Crear | Longbowman |
| 29:04 | Crear | Longbowman |
| 29:05 | Crear | Longbowman |
| 29:09 | Crear | Longbowman |
| 29:14 | Crear | Longbowman |
| 29:27 | Investigar | Leather Archer Armor |
| 29:29 | Investigar | Scale Mail Armor |
| 29:37 | Crear | Villager (Male) |
| 29:39 | Crear | Villager (Male) |
| 29:45 | Construir | Farm |
| 29:48 | Construir | Farm |
| 29:57 | Construir | Mining Camp |
| 30:00 | Crear | Longbowman |
| 30:00 | Crear | Longbowman |
| 30:03 | Investigar | Conscription |
| 30:04 | Crear | Longbowman |
| 30:05 | Crear | Longbowman |
Build order — 武瑧
Primeras 150 de 398 acciones detectadas
| 0:00 | Crear | Villager (Male) |
| 0:01 | Crear | Villager (Male) |
| 0:01 | Crear | Villager (Male) |
| 0:01 | Crear | Villager (Male) |
| 0:04 | Construir | House |
| 0:06 | Construir | House |
| 1:27 | Crear | Villager (Male) |
| 1:27 | Crear | Villager (Male) |
| 1:27 | Crear | Villager (Male) |
| 2:01 | Crear | Villager (Male) |
| 2:35 | Crear | Villager (Male) |
| 2:41 | Construir | Lumber Camp |
| 2:58 | Crear | Villager (Male) |
| 2:58 | Crear | Villager (Male) |
| 3:33 | Construir | House |
| 4:00 | Crear | Villager (Male) |
| 4:00 | Crear | Villager (Male) |
| 4:00 | Crear | Villager (Male) |
| 4:39 | Crear | Villager (Male) |
| 5:09 | Crear | Villager (Male) |
| 5:09 | Crear | Villager (Male) |
| 5:20 | Construir | Mill |
| 5:37 | Crear | Villager (Male) |
| 5:37 | Crear | Villager (Male) |
| 5:37 | Crear | Villager (Male) |
| 6:02 | Construir | House |
| 6:10 | Crear | Villager (Male) |
| 7:08 | Crear | Villager (Male) |
| 7:47 | Crear | Villager (Male) |
| 8:03 | Construir | Mining Camp |
| 8:21 | Crear | Villager (Male) |
| 8:41 | Investigar | Feudal Age |
| 9:04 | Construir | House |
| 9:43 | Construir | Farm |
| 9:50 | Construir | Farm |
| 9:55 | Construir | Farm |
| 10:24 | Construir | Farm |
| 10:54 | Crear | Villager (Male) |
| 10:55 | Crear | Villager (Male) |
| 11:10 | Edad | Edad Feudal |
| 11:19 | Construir | Market |
| 11:27 | Construir | Blacksmith |
| 11:54 | Construir | Mining Camp |
| 11:56 | Crear | Villager (Male) |
| 12:28 | Investigar | Castle Age |
| 12:40 | Construir | House |
| 12:49 | Investigar | Double-Bit Axe |
| 13:17 | Investigar | Horse Collar |
| 13:55 | Investigar | Gold Mining |
| 14:02 | Construir | Farm |
| 14:43 | Crear | Villager (Male) |
| 14:43 | Crear | Villager (Male) |
| 15:08 | Edad | Edad de los Castillos |
| 15:11 | Construir | Town Center |
| 15:12 | Crear | Villager (Male) |
| 15:12 | Crear | Villager (Male) |
| 15:35 | Investigar | Bow Saw |
| 16:08 | Construir | Farm |
| 16:18 | Crear | Villager (Male) |
| 16:30 | Construir | Farm |
| 16:31 | Crear | Villager (Male) |
| 16:37 | Construir | Farm |
| 16:42 | Construir | Farm |
| 16:56 | Construir | Farm |
| 17:10 | Crear | Villager (Male) |
| 17:10 | Crear | Villager (Male) |
| 17:14 | Construir | Farm |
| 17:18 | Crear | Villager (Male) |
| 17:29 | Construir | Monastery |
| 17:34 | Crear | Villager (Male) |
| 17:43 | Construir | Lumber Camp |
| 17:47 | Crear | Villager (Male) |
| 18:04 | Crear | Villager (Male) |
| 18:04 | Crear | Villager (Male) |
| 18:08 | Construir | Farm |
| 18:21 | Construir | Farm |
| 18:22 | Crear | Villager (Male) |
| 18:30 | Crear | Villager (Male) |
| 18:36 | Construir | House |
| 18:37 | Construir | House |
| 18:58 | Construir | Farm |
| 19:05 | Construir | Town Center |
| 19:10 | Investigar | Wheelbarrow |
| 19:18 | Construir | House |
| 19:24 | Crear | Monk |
| 19:47 | Crear | Villager (Male) |
| 19:48 | Crear | Villager (Male) |
| 19:51 | Crear | Villager (Male) |
| 19:51 | Crear | Villager (Male) |
| 19:59 | Construir | House |
| 20:01 | Construir | House |
| 20:10 | Construir | Castle |
| 20:14 | Crear | Villager (Male) |
| 20:16 | Crear | Villager (Male) |
| 20:23 | Construir | Farm |
| 20:25 | Construir | Farm |
| 20:28 | Construir | Farm |
| 20:31 | Construir | Farm |
| 20:33 | Crear | Villager (Male) |
| 20:37 | Crear | Villager (Male) |
| 20:49 | Construir | Farm |
| 20:52 | Construir | Farm |
| 20:55 | Crear | Villager (Male) |
| 20:56 | Crear | Villager (Male) |
| 21:05 | Construir | House |
| 21:11 | Crear | Villager (Male) |
| 21:18 | Crear | Villager (Male) |
| 21:23 | Crear | Villager (Male) |
| 21:24 | Crear | Villager (Male) |
| 21:25 | Crear | Villager (Male) |
| 21:35 | Construir | Farm |
| 21:41 | Crear | Villager (Male) |
| 21:50 | Construir | House |
| 21:52 | Construir | House |
| 21:57 | Crear | Villager (Male) |
| 22:00 | Crear | Villager (Male) |
| 22:03 | Construir | Farm |
| 22:05 | Construir | Farm |
| 22:07 | Construir | Farm |
| 22:10 | Crear | Villager (Male) |
| 22:12 | Crear | Villager (Male) |
| 22:39 | Crear | Villager (Male) |
| 22:39 | Crear | Villager (Male) |
| 22:41 | Construir | Farm |
| 22:43 | Construir | Farm |
| 22:44 | Construir | Farm |
| 22:47 | Crear | Villager (Male) |
| 22:49 | Crear | Villager (Male) |
| 22:52 | Crear | Villager (Male) |
| 23:01 | Construir | House |
| 23:05 | Crear | Villager (Male) |
| 23:22 | Construir | Town Center |
| 23:27 | Investigar | Loom |
| 23:29 | Crear | Villager (Male) |
| 23:31 | Crear | Villager (Male) |
| 23:31 | Crear | Villager (Male) |
| 23:37 | Construir | Mill |
| 23:48 | Crear | Villager (Male) |
| 23:54 | Construir | University |
| 24:05 | Crear | Villager (Male) |
| 24:06 | Crear | Villager (Male) |
| 24:08 | Investigar | Hand Cart |
| 24:12 | Construir | Farm |
| 24:13 | Construir | Farm |
| 24:14 | Construir | Farm |
| 24:16 | Construir | Farm |
| 24:28 | Crear | Villager (Male) |
| 24:31 | Construir | Farm |
| 24:35 | Crear | Villager (Male) |
| 24:36 | Crear | Villager (Male) |
Build order — greiney
Primeras 150 de 426 acciones detectadas
| 0:01 | Crear | Villager (Male) |
| 0:01 | Crear | Villager (Male) |
| 0:02 | Construir | House |
| 0:03 | Construir | House |
| 0:39 | Crear | Villager (Male) |
| 0:40 | Crear | Villager (Male) |
| 0:40 | Crear | Villager (Male) |
| 1:29 | Crear | Villager (Male) |
| 1:29 | Crear | Villager (Male) |
| 1:52 | Construir | Lumber Camp |
| 2:05 | Crear | Villager (Male) |
| 2:05 | Crear | Villager (Male) |
| 2:28 | Crear | Villager (Male) |
| 2:29 | Crear | Villager (Male) |
| 2:45 | Crear | Villager (Male) |
| 2:45 | Crear | Villager (Male) |
| 3:10 | Crear | Villager (Male) |
| 3:11 | Crear | Villager (Male) |
| 3:37 | Crear | Villager (Male) |
| 3:37 | Crear | Villager (Male) |
| 3:39 | Construir | Mill |
| 4:02 | Construir | House |
| 4:11 | Crear | Villager (Male) |
| 4:11 | Crear | Villager (Male) |
| 4:37 | Crear | Villager (Male) |
| 4:37 | Crear | Villager (Male) |
| 5:01 | Crear | Villager (Male) |
| 5:23 | Construir | Mining Camp |
| 5:46 | Crear | Villager (Male) |
| 5:46 | Crear | Villager (Male) |
| 5:56 | Crear | Villager (Male) |
| 5:59 | Construir | House |
| 6:03 | Crear | Villager (Male) |
| 6:28 | Construir | Farm |
| 6:39 | Crear | Villager (Male) |
| 7:13 | Construir | Farm |
| 7:27 | Crear | Villager (Male) |
| 8:21 | Investigar | Feudal Age |
| 10:33 | Investigar | Castle Age |
| 10:33 | Investigar | Castle Age |
| 11:10 | Investigar | Double-Bit Axe |
| 11:10 | Investigar | Double-Bit Axe |
| 11:13 | Investigar | Horse Collar |
| 11:13 | Investigar | Horse Collar |
| 11:46 | Crear | Villager (Male) |
| 12:03 | Construir | House |
| 12:06 | Crear | Villager (Male) |
| 12:34 | Crear | Villager (Male) |
| 13:16 | Construir | Monastery |
| 13:19 | Construir | Town Center |
| 13:22 | Construir | Town Center |
| 13:25 | Crear | Villager (Male) |
| 13:30 | Construir | Farm |
| 13:40 | Crear | Monk |
| 13:40 | Crear | Monk |
| 13:47 | Crear | Villager (Male) |
| 13:47 | Crear | Villager (Male) |
| 13:47 | Crear | Villager (Male) |
| 13:48 | Crear | Villager (Male) |
| 13:58 | Construir | Farm |
| 14:15 | Crear | Villager (Male) |
| 14:24 | Construir | House |
| 14:29 | Crear | Monk |
| 14:34 | Crear | Villager (Male) |
| 14:35 | Crear | Villager (Male) |
| 14:36 | Crear | Villager (Male) |
| 14:36 | Crear | Villager (Male) |
| 15:03 | Construir | Farm |
| 15:04 | Crear | Villager (Male) |
| 15:04 | Crear | Villager (Male) |
| 15:06 | Construir | Farm |
| 15:11 | Construir | House |
| 15:37 | Crear | Villager (Male) |
| 15:37 | Crear | Villager (Male) |
| 15:42 | Construir | Farm |
| 15:45 | Construir | Farm |
| 15:46 | Crear | Villager (Male) |
| 15:46 | Crear | Villager (Male) |
| 15:55 | Construir | House |
| 16:01 | Crear | Villager (Male) |
| 16:01 | Crear | Villager (Male) |
| 16:18 | Construir | Farm |
| 16:20 | Crear | Villager (Male) |
| 16:21 | Crear | Villager (Male) |
| 16:27 | Construir | House |
| 16:31 | Construir | Farm |
| 16:33 | Crear | Villager (Male) |
| 16:34 | Crear | Villager (Male) |
| 16:36 | Construir | Farm |
| 16:37 | Construir | Farm |
| 16:50 | Crear | Villager (Male) |
| 16:50 | Crear | Villager (Male) |
| 16:54 | Construir | Farm |
| 16:55 | Construir | Farm |
| 16:55 | Construir | Farm |
| 16:55 | Construir | Farm |
| 16:55 | Construir | Farm |
| 16:56 | Construir | Farm |
| 17:03 | Construir | House |
| 17:04 | Crear | Villager (Male) |
| 17:08 | Construir | Farm |
| 17:19 | Crear | Monk |
| 17:19 | Crear | Monk |
| 17:40 | Construir | House |
| 17:41 | Crear | Villager (Male) |
| 17:41 | Crear | Villager (Male) |
| 17:41 | Crear | Villager (Male) |
| 17:42 | Crear | Villager (Male) |
| 17:43 | Construir | Farm |
| 17:48 | Construir | Farm |
| 17:48 | Construir | Farm |
| 17:49 | Construir | Farm |
| 17:49 | Construir | Farm |
| 17:49 | Construir | Farm |
| 17:50 | Construir | Farm |
| 17:50 | Construir | Farm |
| 17:50 | Construir | Farm |
| 17:50 | Construir | Farm |
| 18:08 | Crear | Villager (Male) ×3 |
| 18:09 | Crear | Villager (Male) ×3 |
| 18:10 | Crear | Villager (Male) |
| 18:10 | Crear | Villager (Male) |
| 18:14 | Construir | Farm |
| 18:14 | Construir | Farm |
| 18:15 | Construir | Farm |
| 18:15 | Construir | Farm |
| 18:15 | Construir | Farm |
| 18:19 | Crear | Villager (Male) |
| 18:19 | Crear | Villager (Male) |
| 18:21 | Construir | Farm |
| 18:28 | Construir | House |
| 18:29 | Crear | Villager (Male) |
| 18:30 | Crear | Villager (Male) |
| 18:38 | Construir | Farm |
| 18:39 | Crear | Villager (Male) |
| 18:39 | Crear | Villager (Male) |
| 18:53 | Construir | Farm |
| 18:53 | Crear | Villager (Male) |
| 18:54 | Crear | Villager (Male) |
| 19:23 | Construir | Blacksmith |
| 19:26 | Construir | Farm |
| 19:27 | Crear | Villager (Male) |
| 19:28 | Crear | Villager (Male) |
| 19:28 | Crear | Villager (Male) |
| 19:28 | Crear | Villager (Male) |
| 19:29 | Crear | Villager (Male) |
| 19:36 | Investigar | Loom |
| 19:46 | Crear | Villager (Male) |
| 19:47 | Crear | Villager (Male) |
| 19:47 | Crear | Villager (Male) |
Cronología de la partida
| 9:57 | Kingssiu · first_building Barracks |
| 10:32 | LA.ANNO.MCMXCIV. · age_up feudal |
| 10:33 | Money Lin · age_up feudal |
| 10:33 | KaiTakuSha · age_up feudal |
| 10:40 | 3122521604 · age_up feudal |
| 11:09 | TomJerry · age_up feudal |
| 11:10 | 武瑧 · age_up feudal |
| 11:51 | Kingssiu · age_up feudal |
| 12:25 | 武瑧 · first_market_buy 100 food |
| 12:26 | 武瑧 · first_market_sell 100 wood |
| 12:40 | Kingssiu · first_building Stable |
| 13:16 | greiney · first_building Monastery |
| 14:03 | KaiTakuSha · age_up castle |
| 14:13 | 3122521604 · age_up castle |
| 14:17 | 3122521604 · first_building Siege Workshop |
| 15:08 | 武瑧 · age_up castle |
| 15:20 | TomJerry · age_up castle |
| 15:22 | TomJerry · first_building Siege Workshop |
| 15:44 | LA.ANNO.MCMXCIV. · age_up castle |
| 15:44 | Money Lin · age_up castle |
| 15:46 | Money Lin · first_building Monastery |
| 16:01 | TomJerry · first_building Monastery |
| 16:18 | Kingssiu · age_up castle |
| 16:21 | Kingssiu · first_building Castle |
| 17:06 | Kingssiu · first_building Siege Workshop |
| 17:20 | TomJerry · wall_segment Stone Wall x7 |
| 17:29 | 武瑧 · first_building Monastery |
| 17:31 | TomJerry · wall_segment Stone Wall x5 |
| 17:39 | TomJerry · wall_segment Stone Wall x12 |
| 17:46 | LA.ANNO.MCMXCIV. · first_building Barracks |
| 19:09 | 3122521604 · first_building Barracks |
| 19:27 | KaiTakuSha · first_building Monastery |
| 19:37 | TomJerry · wall_segment Palisade Wall x6 |
| 19:39 | KaiTakuSha · first_market_sell 100 food |
| 19:42 | KaiTakuSha · first_market_buy 100 stone |
| 19:55 | greiney · first_building Stable |
| 19:57 | Money Lin · first_building Castle |
| 20:04 | TomJerry · first_building Barracks |
| 20:10 | 武瑧 · first_building Castle |
| 20:12 | TomJerry · wall_segment Stone Wall x2 |
| 20:14 | LA.ANNO.MCMXCIV. · first_building Stable |
| 20:17 | TomJerry · wall_segment Stone Wall x2 |
| 20:29 | 3122521604 · first_building Archery Range |
| 20:55 | Kingssiu · first_building Monastery |
| 21:45 | Money Lin · first_building Barracks |
| 22:10 | TomJerry · age_up imperial |
| 22:30 | 3122521604 · first_building Castle |
| 22:49 | 3122521604 · first_market_sell 100 wood |
| 23:51 | KaiTakuSha · first_building Barracks |
| 24:32 | LA.ANNO.MCMXCIV. · wall_segment Palisade Wall x2 |
| 25:38 | greiney · first_market_sell 500 food |
| 26:00 | 3122521604 · age_up imperial |
| 26:20 | 武瑧 · first_building Barracks |
| 27:00 | KaiTakuSha · first_building Castle |
| 27:05 | KaiTakuSha · age_up imperial |
| 28:11 | Money Lin · age_up imperial |
| 28:53 | 武瑧 · age_up imperial |
| 29:08 | KaiTakuSha · first_building Siege Workshop |
| 29:13 | greiney · first_building Castle |
| 30:21 | Kingssiu · first_market_buy 100 food |
| 30:24 | Kingssiu · first_market_sell 100 wood |
| 30:34 | TomJerry · first_building Archery Range |
| 31:06 | LA.ANNO.MCMXCIV. · first_market_sell 500 wood |
| 31:52 | 武瑧 · first_building Siege Workshop |
| 31:52 | LA.ANNO.MCMXCIV. · first_market_buy 100 food |
| 31:57 | TomJerry · wall_segment Stone Wall x1 |
| 32:39 | greiney · tribute_sent a jugador 1 |
| 32:39 | greiney · tribute_sent a jugador 2 |
| 32:39 | greiney · tribute_sent a jugador 3 |
| 32:39 | greiney · tribute_sent a jugador 4 |
| 32:39 | greiney · tribute_sent a jugador 5 |
| 32:39 | greiney · tribute_sent a jugador 6 |
| 32:39 | greiney · tribute_sent a jugador 7 |
| 32:43 | Kingssiu · age_up imperial |
| 32:46 | 3122521604 · tribute_sent a jugador 1 |
| 32:46 | 3122521604 · tribute_sent a jugador 2 |
| 32:46 | 3122521604 · tribute_sent a jugador 3 |
| 32:46 | 3122521604 · tribute_sent a jugador 5 |
| 32:46 | 3122521604 · tribute_sent a jugador 6 |
| 32:46 | 3122521604 · tribute_sent a jugador 7 |
| 32:46 | 3122521604 · tribute_sent a jugador 8 |
| 33:07 | greiney · first_building Siege Workshop |
| 33:24 | TomJerry · wall_segment Stone Wall x3 |
| 33:26 | TomJerry · wall_segment Stone Wall x7 |
| 34:21 | LA.ANNO.MCMXCIV. · first_building Monastery |
| 34:27 | KaiTakuSha · first_building Stable |
| 34:51 | TomJerry · first_market_buy 100 stone |
| 35:43 | LA.ANNO.MCMXCIV. · first_building Castle |
| 36:35 | TomJerry · wall_segment Stone Wall x6 |
| 36:39 | 3122521604 · first_building Monastery |
| 37:55 | LA.ANNO.MCMXCIV. · age_up imperial |
| 40:59 | TomJerry · first_building Castle |
| 41:40 | LA.ANNO.MCMXCIV. · first_building Archery Range |
| 42:02 | 3122521604 · first_market_buy 100 stone |
| 42:42 | greiney · tribute_sent a jugador 1 |
| 42:42 | greiney · tribute_sent a jugador 2 |
| 42:42 | greiney · tribute_sent a jugador 3 |
| 42:42 | greiney · tribute_sent a jugador 4 |
| 42:42 | greiney · tribute_sent a jugador 5 |
| 42:42 | greiney · tribute_sent a jugador 6 |
| 42:42 | greiney · tribute_sent a jugador 7 |
| 44:47 | 3122521604 · resign |
[ ANÁLISIS IA · 1 CRÉDITO ]
¿Qué pasó realmente en esta partida?
Wolo.gg analiza cada decisión: build order, eco, micro, errores típicos por bracket. Análisis personalizado por WhatsApp o Discord en 30 segundos.
Guía civ
Españoles
Perfil
Jugador #22975005